 BcadrenCrawl: Boulder Brew version 0.06-240-gf756cca71e (webtiles) character file.

Game seed: 12586354975230598590, levelgen mode: deterministic

116 gruber the Twirler (level 4, -19/39 HPs) Minotaur Berserker. Began on Aug 14, 2022. Was a Believer of Trog. Demolished by a hobgoblin ... wielding a +4 halberd (22 damage) ... on level 1 of the Dungeon. The game lasted 00:01:39 (1042 turns).

gruber the Twirler (Minotaur Berserker)             Turns: 1042, Time: 00:01:40

Health: -19/39     AC:  2    Str: 22    XL:     4 ^: 29
Magic:  3/3        EV: 12    Int:  4    God:    Trog [2* [54]]
Gold:   23         SH:  0    Dex: 10    Spells: 3/3 levels left

rFire    . . .     Slash    x   a - +0 mace
rCold    . . .     Pierce   .   (no weapon)
rNeg     . . .     Bludgeon .   b - +0 animal skin
rCorr    . . .     Vision   .   (helmet restricted)
rPois    .         Gourm    .   (no cloak)
rElec    .         Faith    .   (no gloves)
MR       .....     Spirit   .   (no boots)
HPRegen  0.63/turn Reflect  .   d - amulet of regeneration
MPRegen  0.13/turn Harm     .   (no ring) Stlth +.........Rnd*Rage +
                                (no ring)

@: no status effects
A: horns, retaliatory headbutt 2, soft flesh
a: Berserk, Trog's Hand, Renounce Religion


You were on level 1 of the Dungeon.
You worshipped Trog.
Trog was pleased with you.
You were very hungry.

You visited 1 branch of the dungeon, and saw 2 of its levels.

You collected 23 gold pieces.

Inventory:

Weapons
 a - a +0 mace (weapon)
Armour
 b - a +0 animal skin (worn)
Jewellery
 d - an amulet of regeneration (around neck)
Scrolls
 f - a scroll of bless item
 g - a scroll of enchantment
 h - a scroll of blinking
Potions
 e - a potion of curing
Comestibles
 c - 6 rations


   Skills:
 - Level 3.6 Fighting
 * Level 6.6 Maces & Staves
 - Level 2.4 Armour
 - Level 2.1 Dodging


You had 3 spell levels left.
You didn't know any spells.
Your spell library was empty.

Dungeon Overview and Level Annotations

Branches:
Dungeon (2/8)

Altars:


Innate Abilities, Weirdness & Mutations

You reflexively attack those that strike you in melee with your horns.
Your soft flesh is weak to deep cuts.
Heavy manmade armour will nullify this weakness. (rSlashing-)
You frequently lose your temper in combat.
This godly rage surpasses even clarity. (*Rage)


Message History

You hear the distant roaring of an enraged millipede.
You hit the hobgoblin but do no damage. x2
The hobgoblin is healthy. (6/6) HP The hobgoblin hits you with a +4 halberd (21)!!
You are lacerated severely!
Ouch! That really hurt!
You are too injured to fight recklessly!
You're too hungry.
You hit the hobgoblin but do no damage. x2; You headbutt the hobgoblin (4).
The hobgoblin is severely wounded. (2/6) HP The hobgoblin hits you with a +4 halberd (17)!
You are lacerated severely!
* * * LOW HITPOINT WARNING * * *
Unknown command.
You hit the hobgoblin (1). You hit the hobgoblin but do no damage.
The hobgoblin is almost dead. (1/6) HP The hobgoblin barely misses you.
You hit the hobgoblin but do no damage. x2
The hobgoblin is almost dead. (1/6) HP The hobgoblin hits you with a +4 halberd (22)!!
You are lacerated severely!
Ouch! That really hurt!
You die...

=....# #.....# ####.........
####.# #.....# ####...######
##.#### #.....# #......#
#.....####.....####.##...# ###
#...........)..'.........# ##..
#.......##.....####.#....# #..#
###.......##.....####.#....###..#
.............................>≈.#
####.###..######@####.....####≈.#
................g.........##.....
####.###..................##.#..#
####.###..######.####.....##.#..#
...............#.# #........#..#
...#.###..####.#.# #.....####...
...#.# #..####.#.####.....####.#.
...#.# #.......................#.
†..#.####.####.#.#.##............


You could see a hobgoblin.

Vanquished Creatures
  A jelly (D:2)
  2 giant cockroaches (D:1)
  3 cinder newts (D:1)
  An ooze (D:1)
  A dart slug (D:1)
  An adder skeleton (D:2)
  A ball python (D:1)
  5 goblins (D:1)
  7 hobgoblins (D:1)
  6 bats (D:1)
  2 kobolds (D:1)
  7 rats (D:1)
37 creatures vanquished.

Vanquished Creatures (others)
  A withered plant (D:2)
1 creature vanquished.

Grand Total: 38 creatures vanquished

Notes
Turn   | Place    | Note
-------+----------+-------------------------------------------
     0 | D:1      | gruber the Minotaur Berserker began the quest for the Orb.
     0 | D:1      | Reached XP level 1. HP: 19/19 MP: 0/0
    15 | D:1      | Reached skill level 4 in Maces & Staves
    15 | D:1      | Reached XP level 2. HP: 18/26 MP: 1/1
   138 | D:1      | Reached skill level 5 in Maces & Staves
   184 | D:1      | Reached XP level 3. HP: 19/31 MP: 2/2
   268 | D:1      | Reached ** piety under Trog
   268 | D:1      | Received a gift from Trog
   384 | D:1      | Reached skill level 6 in Maces & Staves
   384 | D:1      | Reached XP level 4. HP: 39/39 MP: 3/3
  1042 | D:1      | Demolished by a hobgoblin

Levels and vault maps discovered:
D:1:      dpeg_arrival_tiny_a, layout_basic
D:2:      layout_sewer, lemuel_crystal_altar

Skill      XL: |  1  2  3 |
---------------+----------+-----
Maces & Staves | 4 5 6 |  6.6
Fighting       | |  3.6
Armour         | |  2.4
Dodging        | |  2.1

Action                   |  1- 3 |  4- 6 || total
-------------------------+-------+-------++-------
Melee: Mace              |    42 |    13 ||    55
       Unarmed           |    30 |     9 ||    39
       Headbutt          |     9 |     1 ||    10
Invok: Berserk           |     1 |       ||     1
Armor: Animal skin       |     3 |     2 ||     5
Dodge: Dodged            |    23 |     9 ||    32
